 Dungeon Sprint DCSS version 0.27-a0-1196-g3e9cee4cb2 (webtiles) character file.

Game seed: 5100199574184462681

246 mhtbhm the Thaumaturge (level 5, 0/28 HPs)
             Began as a Deep Elf Earth Elementalist on May 28, 2021.
             Was a High Priest of Vehumet.
             Shot with an arrow by a centaur (4 damage)
             ... in the Dungeon (Sprint VII: "The Pits").
             The game lasted 00:02:45 (703 turns).

mhtbhm the Thaumaturge (Deep Elf Earth Elementalist) Turns: 703, Time: 00:02:46

Health: 0/28       AC:  2    Str:  5    XL:     5   Next: 84%
Magic:  18/19      EV: 14    Int: 21    God:    Vehumet [*****.]
Gold:   0          SH:  0    Dex: 15    Spells: 10/24 levels left

rFire    . . .     SeeInvis .   l - +1 quarterstaff (speed)
rCold    . . .     Faith    .   (shield currently unavailable)
rNeg     . . .     Spirit   .   c - +0 robe
rPois    .         Reflect  .   (no helmet)
rElec    .         Harm     .   (no cloak)
rCorr    .         Rampage  .   (no gloves)
Will     .....     NoTele   +   (no boots)
Stlth    +++.......             (no amulet)
HPRegen  0.09/turn              (no ring)
MPRegen  0.16/turn              (no ring)

@: no status effects
A: no striking features
a: Renounce Religion


You were in the Dungeon.
You worshipped Vehumet.
Vehumet was extremely pleased with you.
You visited 1 branch

Inventory:

Hand Weapons
 l - a +1 quarterstaff of speed (weapon)
Missiles
 b - 10 stones
Armour
 c - a +0 robe (worn)
Scrolls
 i - a scroll of blinking
 j - 5 scrolls of amnesia
 k - a scroll of summoning
Potions
 a - 2 potions of invisibility
 d - 6 potions of curing
 e - 6 potions of heal wounds
 f - a potion of haste
 g - 4 potions of magic
 h - 3 potions of berserk rage


   Skills:
 + Level 4.6 Dodging
 + Level 3.8 Stealth
 + Level 10.4 Spellcasting
 + Level 1.5 Transmutations
 + Level 9.7 Earth Magic


You had 10 spell levels left.
You knew the following spells:

 Your Spells              Type           Power      Damage    Failure   Level
a - Sandblast             Erth           100%       2d20      1%          1
b - Freeze                Ice            40%        1d6       1%          1
c - Stone Arrow           Conj/Erth      62%        3d10      1%          3
d - Lee's Rapid Deconstr  Erth           25%        3d15*     1%          5
e - Petrify               Tmut/Erth      34%        N/A       6%          4

Your spell library contained the following spells:

 Spells                   Type           Power      Damage    Failure   Level
 Conjure Flame            Conj/Fire      10%        6-21      5%          3
 Passwall                 Tmut/Erth      28%        N/A       1%          2


Dungeon Overview and Level Annotations

Branches:
Dungeon (1/1)

Altars:
Ashenzari
Cheibriados
Dithmenos
Elyvilon
Fedhas
Gozag
Hepliaklqana
Kikubaaqudgha
Makhleb
Nemelex Xobeh
Okawaru
Qazlal
Ru
Sif Muna
Trog
Uskayaw
Vehumet
Wu Jian
Xom
Yredelemnul
Zin
The Shining One
Beogh
Jiyva
Lugonu


Message History

Confirm with . or Enter, or press ? or * to list all spells.
Aiming: Sandblast (safe; 1% risk of failure)
Press: ? - help, Shift-Dir - straight line, f - orc
Aim: an orc, wielding a +0 short sword and wearing a +0 leather armour (84% to hit)
The blast of sand hits the orc!
You kill the orc!
Vehumet accepts your kill.
You feel your power returning.
You start waiting.
You start waiting.
Done waiting.
Okay, then.
Things that are here:
a +0 dagger; a +0 robe; an orc skeleton You see here a bullfrog skeleton.
Things that are here:
a +0 short sword; a +0 leather armour; an orc corpse
Things that are here:
a +0 vampiric hand axe; a +0 ring mail
Items here: )) รทรท.
Things that are here:
a +0 mace; a +0 leather armour; an orc skeleton
There is an open door here.
As you open the door, it creaks loudly!
A centaur comes into view.
The centaur shouts!
The centaur wields a +1 shortbow of freezing.
It is covered in frost.
The centaur shoots an arrow.
The arrow hits you! The arrow freezes you.
Casting: Sandblast (safe; 1% risk of failure)
Confirm with . or Enter, or press ? or * to list all spells.
Aiming: Sandblast (safe; 1% risk of failure)
Press: ? - help, Shift-Dir - straight line, f - centaur
Aim: a centaur, wielding a +1 shortbow of freezing and quivering arrows (90% to hit)
The blast of sand hits the centaur!
The centaur is moderately wounded.
The centaur shoots an arrow.
The arrow hits you!
* * * LOW HITPOINT WARNING * * *
The arrow freezes you.
You die...

#)#........##.......#
#'###########.......#
#.......# #########
#..###..# #.......#
##.###.## #.......#
#..###..#+#
#......@'c#
###########


You could see a centaur.

Vanquished Creatures
  2 bullfrogs (D)
  2 orc priests (D)
  An orc wizard (D)
  A gnoll (D)
  An ufetubus (D)
  6 orcs (D)
  A bat (D)
  An endoplasm (D)
  A giant cockroach (D)
  A goblin (D)
  A quokka (D)
  A frilled lizard (D)
  A jackal zombie (D)
  2 rats (D)
22 creatures vanquished.

Notes
Turn   | Place    | Note
-------+----------+-------------------------------------------
     0 | D        | mhtbhm the Deep Elf Earth Elementalist began the quest for
                  | the Orb.
     0 | D        | Reached XP level 1. HP: 10/10 MP: 6/6
   111 | D        | Found a bloodstained altar of Trog.
   111 | D        | Found a shimmering blue altar of Sif Muna.
   111 | D        | Found a viscous altar of Jiyva.
   111 | D        | Found a hazy altar of Hepliaklqana.
   111 | D        | Found an opulent altar of Gozag.
   112 | D        | Found a glowing golden altar of the Shining One.
   112 | D        | Found a glowing silver altar of Zin.
   112 | D        | Found a basalt altar of Yredelemnul.
   112 | D        | Found a shimmering altar of Xom.
   112 | D        | Found an ornate altar of the Wu Jian Council.
   112 | D        | Found a sacrificial altar of Ru.
   112 | D        | Found a stormy altar of Qazlal.
   112 | D        | Found an iron altar of Okawaru.
   112 | D        | Found a sparkling altar of Nemelex Xobeh.
   112 | D        | Found a burning altar of Makhleb.
   112 | D        | Found a blossoming altar of Fedhas.
   112 | D        | Found a white marble altar of Elyvilon.
   112 | D        | Found a shadowy altar of Dithmenos.
   112 | D        | Found a snail-covered altar of Cheibriados.
   114 | D        | Found a radiant altar of Vehumet.
   114 | D        | Found a corrupted altar of Lugonu.
   115 | D        | Found a hide-covered altar of Uskayaw.
   115 | D        | Found an ancient bone altar of Kikubaaqudgha.
   115 | D        | Found a broken altar of Ashenzari.
   122 | D        | Became a worshipper of Vehumet
   202 | D        | Reached * piety under Vehumet
   202 | D        | Offered knowledge of Freeze by Vehumet.
   207 | D        | Learned a level 1 spell: Freeze
   223 | D        | Offered knowledge of Poisonous Vapours by Vehumet.
   234 | D        | Reached ** piety under Vehumet
   235 | D        | Reached skill level 4 in Spellcasting
   239 | D        | Reached XP level 2. HP: 15/15 MP: 7/9
   263 | D        | Reached skill level 5 in Earth Magic
   330 | D        | Reached skill level 5 in Spellcasting
   331 | D        | Reached *** piety under Vehumet
   331 | D        | Noticed a bullfrog
   333 | D        | Reached XP level 3. HP: 19/19 MP: 7/11
   335 | D        | Reached skill level 6 in Spellcasting
   350 | D        | Learned a level 3 spell: Stone Arrow
   395 | D        | Offered knowledge of Conjure Flame by Vehumet.
   395 | D        | Reached **** piety under Vehumet
   397 | D        | Reached skill level 7 in Spellcasting
   397 | D        | Reached XP level 4. HP: 24/24 MP: 10/15
   400 | D        | Killed a bullfrog
   401 | D        | Reached skill level 8 in Spellcasting
   401 | D        | Reached XP level 5. HP: 28/28 MP: 7/18
   404 | D        | Reached skill level 9 in Spellcasting
   480 | D        | Reached ***** piety under Vehumet
   481 | D        | Reached skill level 10 in Spellcasting
   508 | D        | Learned a level 5 spell: Lee's Rapid Deconstruction
   513 | D        | Learned a level 4 spell: Petrify
   702 | D        | Noticed a centaur
   703 | D        | Shot with an arrow by a centaur

Illustrated notes

Levels and vault maps discovered:
D:        pitsprint [storerooms_1, entrance_room_1, metal_vault_5, armoury_1,
          mini_pit_1, grid_room_1, main_hall_1, silver_pit, the_coven_3,
          the_vestibule_1, steel_vault_3, golden_pit, hallway_of_sentries,
          crystal_vault_5, iron_vault_2, final_vault]

Skill      XL: |  1  2  3  4  5 |
---------------+----------------+-----
Stealth        | 3 |  3.8
Dodging        | 3 4 |  4.6
Earth Magic    | 4 5 6 8 9 |  9.7
Spellcasting   | 4 5 7 8 10 | 10.4
Transmutations | |  1.5

Action                   |  1- 3 |  4- 6 || total
-------------------------+-------+-------++-------
 Cast: Sandblast         |    20 |    10 ||    30
       Stone Arrow       |     1 |     1 ||     2
Armor: Robe              |     2 |       ||     2
Dodge: Dodged            |     2 |     2 ||     4

Table legend: (Time is in decaauts)
 A = Elapsed time spent in this place.
 B = Non-inter-level travel time spent in this place.
 C = Inter-level travel time spent in this place.
 D = Time resting spent in this place.
 E = Time spent auto-exploring this place.
 F = Levels seen in this place.
 G = Mean time per level.
                   A        B        C        D        E       F      G
               +--------+--------+--------+--------+--------+-----+--------+
         Total |    702 |    702 |      0 |    453 |     37 |   1 |  702.0 |
       Dungeon |    702 |    702 |      0 |    453 |     37 |   1 |  702.0 |
               +--------+--------+--------+--------+--------+-----+--------+

Top non-repeatable levels by time:
       D: 702 daAuts
